 Dungeon Crawl Stone Soup version 0.24.0-13-gcf9b319 (webtiles) character file.

Game seed: 3338055235292745988, levelgen mode: deterministic

179896 Balder the Severer (level 18, -9/163 HPs)
             Began as a Hill Orc Fighter on Jan 19, 2020.
             Was an Elder of Trog.
             Killed from afar by a ghostly deep elf annihilator (15 damage)
             ... with a bolt of lightning
             ... on level 3 of the Elven Halls on Jan 20, 2020.
             The game lasted 03:59:25 (37978 turns).

Balder the Severer (Hill Orc Fighter)              Turns: 37978, Time: 03:59:26

Health: -9/163     AC: 11    Str: 24    XL:     18   Next: 25%
Magic:  25/25      EV:  9    Int:  8    God:    Trog [****..]
Gold:   1223       SH: 17    Dex: 17    Spells: 17/17 levels left

rFire    + + .     SeeInvis +   a - +9 broad axe (flame)
rCold    + + .     Gourm    .   c - +0 shield
rNeg     + + .     Faith    .   D - +2 plate armour {MR+}
rPois    +         Spirit   .   n - -2 hat of the Alchemist {rElec rPois rF+ rC+ rN+ MR+ rMut rCorr}
rElec    +         Reflect  +   O - scarf {repulsion}
rCorr    +         Harm     .   w - +0 pair of gloves of Ryhedib {rF++ rCorr Int-2}
rMut     +                      B - +0 pair of boots {Fly}
MR       +++++                  m - +3 amulet of reflection
Stlth    ..........             L - +4 ring of strength
HPRegen  1.37/turn              F - ring "Wawnaer" {Ice rN+ Int+2 Dex+2 SInv}
MPRegen  0.19/turn

@: lethally poisoned (-9 -> -9), about to teleport, corroded, flying,
regenerating, repel missiles
A: weak 1
a: Berserk, Trog's Hand, Brothers in Arms, Renounce Religion, Stop Flying


You were on level 3 of the Elven Halls.
You worshipped Trog.
Trog was greatly pleased with you.
You were near starving.

You visited 5 branches of the dungeon, and saw 27 of its levels.
You also visited: Ossuary.

You collected 3056 gold pieces.
You spent 1833 gold pieces at shops.

Inventory:

Hand Weapons
 a - a +9 broad axe of flaming (weapon)
 b - the +3 trident of the Feather {pierce, rElec rC- SInv}
   (Trog gifted it to you on level 11 of the Dungeon)

   It inflicts extra damage upon your enemies.
   It makes you vulnerable to cold.
   It insulates you from electricity.
   It lets you see invisible.
 z - the +5 war axe of Circularity {flame, +Blink rElec Str+4 Dex-5}
   (Trog gifted it to you on level 14 of the Dungeon)

   It has been specially enchanted to burn those struck by it, causing extra
   injury to most foes and up to half again as much damage against particularly
   susceptible opponents.
   Big, fiery blades are also staple armaments of hydra-hunters.
   It affects your strength (+4).
   It affects your dexterity (-5).
   It insulates you from electricity.
   It lets you blink.
 C - the +8 whip "Snakebite" {curare, rPois}
   (You took it off a deep elf high priest on level 3 of the Elven Halls)

   It poisons the flesh of those it strikes.
   It protects you from poison.
 N - a +4 demon trident of draining
 S - a +3 scimitar of holy wrath
Missiles
 e - 23 boomerangs (quivered)
 U - 4 silver boomerangs
Armour
 c - a +0 shield (worn)
 j - +0 acid dragon scales
 n - the -2 hat of the Alchemist (worn) {rElec rPois rF+ rC+ rN+ MR+ rMut rCorr}
   (You bought it in a shop on level 2 of the Orcish Mines)

   It protects you from fire.
   It protects you from cold.
   It insulates you from electricity.
   It protects you from poison.
   It protects you from negative energy.
   It affects your resistance to hostile enchantments.
   It provides partial protection from all sources of acid and corrosion.
   It protects you from mutation.
 q - a +0 pair of gloves of dexterity
 r - a +0 helmet
 w - the +0 pair of gloves of Ryhedib (worn) {rF++ rCorr Int-2}
   (You found it on level 2 of the Lair of Beasts)

   It affects your intelligence (-2).
   It greatly protects you from fire.
   It provides partial protection from all sources of acid and corrosion.
 B - a +0 pair of boots of flying (worn)
 D - a +2 plate armour of magic resistance (worn)
 O - a scarf of repulsion (worn)
 Q - +2 storm dragon scales
Jewellery
 i - an uncursed amulet of regeneration
 l - an uncursed amulet of rage
 m - a +3 amulet of reflection (around neck)
 E - an uncursed ring of resist corrosion
 F - the ring "Wawnaer" (right hand) {Ice rN+ Int+2 Dex+2 SInv}
   (You found it on level 5 of the Lair of Beasts)

   [ring of ice]

   It enhances your ice magic.
   It affects your intelligence (+2).
   It affects your dexterity (+2).
   It makes you vulnerable to fire.
   It protects you from cold.
   It protects you from negative energy.
   It lets you see invisible.
 G - a +3 ring of strength
 I - the amulet of Symmetry {Faith MR++}
   (You found it on level 8 of the Dungeon)

   [amulet of faith]

   It allows you to gain divine favour quickly.
   It affects your resistance to hostile enchantments.
 L - a +4 ring of strength (left hand)
 Y - an uncursed ring of stealth
Wands
 d - a wand of enslavement (7)
 p - a wand of scattershot (1)
 u - a wand of random effects (51)
 A - a wand of flame (42)
 J - a wand of digging (5)
 K - a wand of iceblast (16)
 X - a wand of disintegration (22)
Scrolls
 g - 5 scrolls of identify
 h - 11 scrolls of remove curse
 k - a scroll of fear
 o - 13 scrolls of teleportation
 t - a scroll of magic mapping
 M - a scroll of enchant weapon
Potions
 s - 3 potions of berserk rage
 v - 2 potions of agility
 x - a potion of cancellation
 H - 2 potions of invisibility
 P - a potion of resistance
 T - a potion of heal wounds
Miscellaneous
 y - a crystal ball of energy
 R - a fan of gales
 W - a box of beasts
Comestibles
 f - 25 rations


   Skills:
 * Level 15.1 Fighting
 - Level 7.3 Long Blades
 * Level 19.3(19.7) Axes
 + Level 6.6(12.8) Polearms
 * Level 11.3 Throwing
 * Level 14.1 Armour
 + Level 2.6 Dodging
 + Level 0.6 Stealth
 * Level 14.1 Shields
 * Level 10.0 Evocations


You had 17 spell levels left.
You didn't know any spells.
Your spell library was empty.

Dungeon Overview and Level Annotations

Branches:
Dungeon (14/15)            Temple (0/1) D:5            Lair (6/6) D:10
  Swamp (2/4) Lair:4        Snake (0/4) Lair:2        Slime (0/5) Lair:5
    Orc (2/2) D:12            Elf (3/3) Orc:2        Vaults (0/5) D:14
Ossuary (visited)

Altars:
Ashenzari
Cheibriados
Dithmenos
Elyvilon
Gozag
Hepliaklqana
Kikubaaqudgha
Makhleb
Okawaru
Qazlal
Sif Muna
Trog
Vehumet
Xom
Jiyva

Shops:
D:12 [([   D:13 *   Orc:1 *   Orc:2 [:(*[

Portals:
Hell: Lair:6

Annotations:
Lair:4 3 runed translucent doors, Wairalebb's ghost, journeyman BaFi


Innate Abilities, Weirdness & Mutations

You are weak. (Str -2)


Message History

The deep elf death mage beckons forth a restless soul!
The deep elf annihilator casts a spell.
The deep elf annihilator blinks!
As you read the scroll of teleportation, it crumbles to dust.
You feel strangely unstable.
The deep elf annihilator is no longer unusually resistant.
The deep elf high priest invokes the aid of its god against you.
The sphere of damnation explodes!
The damnation engulfs you!!
* * * LOW HITPOINT WARNING * * *
The deep elf annihilator gestures at you while chanting.
The iron shot reflects off an invisible shield around you!
The iron shot hits the deep elf annihilator!!!!
The lost soul assumes the form of the deep elf annihilator and becomes anchored to this world!
The deep elf demonologist mumbles some strange words.
You hear a shout!
You feel the effects of Trog's Hand fading.
You feel sick.
The ghostly deep elf annihilator points at you and mumbles some strange words.
The bolt of lightning hits you! You resist.
You die...

....#####.......***###...(...###*
####.# *#.....#* ##..(..## ###
*##.### ###)### *## *## ##.#.#.#
*#.###### #####......# ##.#..,#)#
#.....)....# ##.#.#,,#.#####
#..)..).(..#
#.#.#####)#...#####x[e.e...##
.............).)@..e*3..1#)##
#.#######)#...####.)#3....3.# )##
#)######..#####.....# ## #.#
#....# #..._..##
#########.#####).^.###.......#
(.(......)...(.....)().......#
..######...####....#####.....#
..# #...# #....# ##...## ..#
#...# #....# #####


You could see a ghostly deep elf annihilator, a deep elf demonologist, a deep
elf high priest, 2 sixfirhies, a small abomination and a lost soul.

Vanquished Creatures
  Jorgrun (D:13)
  2 deep elf blademasters
  A shadow dragon (D:14)
  A fire giant (D:14)
  An orc warlord (D:14)
  5 deep elf sorcerers
  3 deep elf elementalists (Elf:3)
  The ghost of herbganker the Bludgeoner, a journeyman MiBe of Trog (Orc:2)
  A stone giant (Orc:2)
  Nessos (D:13)
  4 deep elf annihilators
  2 ettins (D:11)
  4 deep elf death magi
  2 yaktaur captains (D:14)
  Josephine (D:13)
  2 deep elf high priests (Elf:3)
  An ice dragon (D:14)
  A ghost crab (Swamp:1)
  15 hydras
  4 two-headed ogres
  2 death knights (D:14)
  5 alligators
  Erica (D:9)
  A death yak (Lair:6)
  A deep troll earth mage (D:14)
  3 centaur warriors
  3 tengu warriors
  4 orc high priests
  14 deep elf knights
  29 dancing weapons
  A deep troll (D:14)
  A sixfirhy (Lair:6)
  2 wizards
  5 unseen horrors
  2 swamp dragons (Swamp:2)
  54 deep elf magi
  4 orc knights (Orc:2)
  5 orc sorcerers (Orc:2)
  5 deep elf archers
  A phantasmal warrior (D:14)
  6 ugly things
  2 wolf spiders
  A salamander (shapeshifter) (D:13)
  A manticore (D:10)
  A cyclops (D:11)
  3 black mambas
  9 elephants
  12 spiny frogs
  2 orange demons (Lair:6)
  4 rime drakes
  An efreet (D:14)
  9 komodo dragons
  2 tengu conjurers
  2 kobold demonologists (D:12)
  A hellwing (Lair:6)
  2 red devils (Lair:6)
  A queen bee (D:11)
  2 meliai (D:14)
  2 polar bears (Lair:2)
  4 trolls
  2 hornets
  8 slime creatures
  6 tyrant leeches
  14 blink frogs
  5 dream sheep (Lair:3)
  13 hippogriffs
  2 bog bodies
  Sigmund (D:6)
  38 yaks
  A shadow (D:12)
  2 water elementals
  2 air elementals
  6 wraiths
  2 fire elementals (Elf:3)
  2 basilisks (D:14)
  6 vampire mosquitoes
  3 hungry ghosts
  6 insubstantial wisps (Swamp:1)
  8 wargs
  3 acid dragons
  4 nagas (Lair:2)
  Edmund (D:5)
  13 water moccasins
  5 hell hounds (Lair:6)
  7 swamp worms
  A soldier ant (D:11)
  6 porcupines
  3 sky beasts
  8 ice beasts
  23 orc warriors
  A swamp drake (Swamp:2)
  14 ogres
  2 phantoms (D:7)
  3 wolves (Lair:5)
  A necrophage (D:11)
  14 centaurs
  17 crocodiles
  6 big kobolds
  21 bullfrogs
  An elf zombie (Ossuary)
  4 earth elementals (Elf:1)
  2 wyvern skeletons
  2 scorpions
  9 wights
  18 killer bees (D:11)
  6 electric eels
  A howler monkey (D:5)
  10 crimson imps
  A bullfrog zombie (D:5)
  A quasit (D:13)
  2 centaur skeletons
  5 hounds
  A human zombie (Ossuary)
  6 jellies
  A bullfrog skeleton (D:7)
  20 orc priests
  7 centaur zombies
  29 orc wizards
  Crazy Yiuf (D:6)
  6 iguanas
  A killer bee zombie (D:6)
  15 worker ants
  3 hound zombies
  A hound skeleton (D:8)
  3 mummies (Ossuary)
  A worker ant zombie (D:11)
  10 adders
  2 howler monkey skeletons
  2 shadow imps
  3 adder skeletons
  5 adder zombies
  4 worms
  3 dart slugs (D:1)
  7 leopard geckos
  71 orcs
  9 bats
  7 giant cockroaches
  8 goblins
  6 hobgoblins
  11 jackals
  30 kobolds
  6 quokkas
  2 ball pythons
  10 frilled lizards
  5 goblin zombies (Ossuary)
  3 jackal zombies (Ossuary)
  6 kobold zombies (Ossuary)
  A leopard gecko zombie (D:8)
  An orc zombie (Ossuary)
  A quokka skeleton (D:5)
  3 quokka zombies (Ossuary)
  12 rats
  5 rat zombies (Ossuary)
  A crawling corpse (Elf:3)
  3 pillars of salt (Elf:1)
  A plant (Lair:4)
938 creatures vanquished.

Vanquished Creatures (collateral kills)
  2 deep elf annihilators (Elf:3)
  A deep elf high priest (Elf:3)
  A tengu warrior (D:14)
  An ugly thing (D:14)
  An ice devil (Lair:6)
6 creatures vanquished.

Vanquished Creatures (others)
  A deep elf master archer (Elf:3)
  5 deep elf archers
  A water elemental (Elf:3)
  A spriggan (Swamp:2)
  A swamp drake (Swamp:2)
  A centaur (D:5)
  An orc priest (D:13)
  6 fungi
  2 plants (Lair:5)
19 creatures vanquished.

Grand Total: 963 creatures vanquished

Notes
Turn   | Place    | Note
-------+----------+-------------------------------------------
     0 | D:1      | Balder the Hill Orc Fighter began the quest for the Orb.
     0 | D:1      | Reached XP level 1. HP: 19/19 MP: 1/1
    90 | D:1      | Reached skill level 3 in Axes
    90 | D:1      | Reached XP level 2. HP: 25/27 MP: 2/2
   476 | D:1      | Reached XP level 3. HP: 33/33 MP: 3/3
  1190 | D:2      | Found a radiant altar of Vehumet.
  1329 | D:2      | Reached skill level 1 in Throwing
  1348 | D:2      | Noticed a moth of wrath
  1350 | D:2      | Found a bloodstained altar of Trog.
  1371 | D:2      | Reached XP level 4. HP: 36/40 MP: 4/4
  1421 | D:2      | Became a worshipper of Trog the Wrathful
  1791 | D:2      | Noticed a sky beast
  1817 | D:2      | Killed a sky beast
  1817 | D:2      | Reached skill level 4 in Axes
  1817 | D:2      | Reached XP level 5. HP: 21/47 MP: 5/5
  2371 | D:3      | Reached XP level 6. HP: 25/53 MP: 6/6
  2498 | D:3      | Reached * piety under Trog
  2640 | D:3      | You fall into a shaft and drop 2 floors!
  2640 | D:5      | Entered Level 5 of the Dungeon
  2640 | D:5      | Found a staircase to the Ecumenical Temple.
  2666 | D:4      | Reached skill level 5 in Axes
  3038 | D:4      | Found an iron altar of Okawaru.
  3386 | D:4      | Found an ancient bone altar of Kikubaaqudgha.
  3605 | D:3      | Found a bloodstained altar of Trog.
  3815 | D:5      | Reached skill level 5 in Fighting
  3815 | D:5      | Reached XP level 7. HP: 61/61 MP: 7/7
  3864 | D:5      | Noticed Edmund
  3870 | D:5      | Killed Edmund
  3870 | D:5      | Reached skill level 6 in Axes
  4058 | D:5      | Found a stormy altar of Qazlal.
  4098 | D:5      | Reached skill level 5 in Armour
  4161 | D:5      | Found an opulent altar of Gozag.
  4169 | D:5      | Reached skill level 7 in Axes
  4169 | D:5      | Reached skill level 5 in Shields
  4497 | D:5      | Reached XP level 8. HP: 56/68 MP: 8/8
  4553 | D:5      | Reached skill level 1 in Polearms
  4582 | D:5      | Reached ** piety under Trog
  4722 | D:6      | Noticed Sigmund
  4736 | D:6      | Killed Sigmund
  4765 | D:6      | Found a shattered altar of Ashenzari.
  4861 | D:6      | Reached skill level 8 in Axes
  5038 | D:6      | Reached XP level 9. HP: 41/75 MP: 9/9
  5099 | D:6      | Found a sand-covered staircase.
  5109 | Ossuary  | Entered an ossuary
  5446 | Ossuary  | Reached *** piety under Trog
  5609 | D:6      | Found a runed translucent door.
  5610 | D:6      | Noticed Crazy Yiuf
  5617 | D:6      | Killed Crazy Yiuf
  6101 | D:7      | Reached skill level 9 in Axes
  6436 | D:7      | Reached **** piety under Trog
  6538 | D:7      | Got a fine leather armour
  6549 | D:7      | Identified the +2 leather armour "Emid" {rF+ Str+2 Slay-6}
                  | (You found it on level 7 of the Dungeon)
  6572 | D:7      | Found a shimmering altar of Xom.
  7290 | D:8      | Got a glittering silver amulet
  7294 | D:8      | Identified the amulet of Symmetry {Faith MR++} (You found
                  | it on level 8 of the Dungeon)
  7312 | D:8      | Reached XP level 10. HP: 86/86 MP: 10/10
  7330 | D:8      | Received a gift from Trog
  7342 | D:8      | Reached skill level 10 in Axes
  7342 | D:8      | Reached skill level 1 in Evocations
  7403 | D:8      | Reached skill level 5 in Polearms
  7416 | D:8      | Noticed a deep elf mage
  7429 | D:8      | Killed a deep elf mage
  7429 | D:8      | Reached skill level 1 in Dodging
  7490 | D:8      | Found a white marble altar of Elyvilon.
  7529 | D:8      | Found a shadowy altar of Dithmenos.
  7580 | D:8      | Found a hazy altar of Hepliaklqana.
  8030 | D:8      | Noticed a wizard
  8041 | D:8      | Killed a wizard
  8041 | D:8      | Reached skill level 11 in Axes
  8702 | D:9      | Noticed a two-headed ogre
  8711 | D:9      | Killed a two-headed ogre
  8711 | D:9      | Reached skill level 5 in Throwing
  8711 | D:9      | Reached XP level 11. HP: 39/93 MP: 12/12
  8759 | D:9      | Noticed an eight-headed hydra
  8895 | D:9      | Killed a nine-headed hydra
  9276 | D:9      | Noticed Erica
  9297 | D:9      | Killed Erica
  9735 | D:9      | Paralysed by a hornet for 1 turns
  9738 | D:9      | Reached skill level 1 in Long Blades
 10020 | D:9      | Reached skill level 12 in Axes
 10113 | D:10     | Entered Level 10 of the Dungeon
 10125 | D:10     | Noticed a manticore
 10144 | D:10     | Killed a manticore
 10325 | D:10     | Found a staircase to the Lair.
 10561 | D:10     | Noticed a two-headed ogre
 10572 | D:10     | Killed a two-headed ogre
 10811 | D:10     | Reached ***** piety under Trog
 11024 | D:10     | Noticed a two-headed ogre
 11033 | D:10     | Killed a two-headed ogre
 11366 | Lair:1   | Entered Level 1 of the Lair of Beasts
 11992 | Lair:1   | Reached XP level 12. HP: 103/103 MP: 15/15
 12032 | Lair:1   | Reached skill level 13 in Axes
 12880 | Lair:2   | Got a pair of scorched gloves
 12891 | Lair:2   | Identified the cursed +0 pair of gloves of Ryhedib {rF++
                  | rCorr Int-2} (You found it on level 2 of the Lair of
                  | Beasts)
 12943 | Lair:2   | Found a staircase to the Snake Pit.
 13735 | Lair:3   | Noticed a five-headed hydra
 13746 | Lair:3   | Killed a one-headed hydra
 14139 | Lair:3   | Noticed an eight-headed hydra
 14149 | Lair:3   | Killed a three-headed hydra
 14681 | Lair:3   | You fall into a shaft and drop 1 floor!
 14715 | Lair:4   | Reached skill level 5 in Long Blades
 14717 | Lair:4   | Reached skill level 5 in Evocations
 14739 | Lair:4   | Found a runed translucent gate.
 14739 | Lair:4   | Noticed an eight-headed hydra
 14740 | Lair:4   | Found a runed translucent gate.
 14744 | Lair:4   | Found a runed translucent gate.
 14744 | Lair:4   | Noticed Wairalebb's ghost (journeyman BaFi)
 14799 | Lair:4   | Noticed a five-headed hydra
 14807 | Lair:4   | Noticed an eight-headed hydra
 14830 | Lair:4   | Killed a three-headed hydra
 14871 | Lair:4   | Received a gift from Trog
 14871 | Lair:4   | Reached XP level 13. HP: 97/111 MP: 16/16
 15627 | Lair:4   | Reached skill level 14 in Axes
 15642 | Lair:4   | Reached skill level 10 in Armour
 16183 | Lair:5   | Found a viscous altar of Jiyva.
 16183 | Lair:5   | Found a staircase to the Slime Pits.
 16754 | Lair:5   | Reached skill level 10 in Fighting
 16992 | Lair:5   | Got a twitching silver ring
 16994 | Lair:5   | Identified the ring "Wawnaer" {Ice rN+ Int+2 Dex+2 SInv}
                  | (You found it on level 5 of the Lair of Beasts)
 17118 | Lair:5   | Reached skill level 10 in Shields
 17590 | Lair:5   | Got a slimy robe
 17601 | Lair:5   | Identified the +3 robe "Ireas" {rF+} (You found it on level
                  | 5 of the Lair of Beasts)
 18006 | Lair:6   | Entered Level 6 of the Lair of Beasts
 18072 | Lair:6   | Received a gift from Trog
 18669 | Lair:6   | Reached skill level 15 in Axes
 18831 | Lair:6   | Reached XP level 14. HP: 63/122 MP: 18/18
 19535 | Lair:6   | Found a burning altar of Makhleb.
 19564 | Lair:6   | Found a gateway to Hell.
 20030 | Lair:4   | Found a staircase to the Swamp.
 20346 | D:11     | Found a snail-covered altar of Cheibriados.
 20346 | D:11     | Found a shimmering altar of Xom.
 20659 | D:11     | Received a gift from Trog
 20674 | D:11     | Got an ichor-stained trident {god gift}
 20684 | D:11     | Identified the +3 trident of the Feather {pierce, rElec rC-
                  | SInv} (Trog gifted it to you on level 11 of the Dungeon)
 21210 | D:11     | Reached skill level 16 in Axes
 21758 | D:12     | Reached ****** piety under Trog
 21760 | D:12     | Received a gift from Trog
 21793 | D:12     | Found Saghudue's Armour Shoppe.
 21794 | D:12     | Found a staircase to the Orcish Mines.
 21830 | D:12     | Found Nil Jiunn's Weapon Shoppe.
 21881 | D:12     | Bought a +0 pair of boots of flying for 195 gold pieces
 22149 | D:12     | Found Onutatuu's Antique Armour Shop.
 22154 | D:12     | Bought a glowing plate armour for 780 gold pieces
 22944 | D:13     | Noticed Josephine
 22959 | D:13     | Killed Josephine
 22970 | D:13     | Reached XP level 15. HP: 93/130 MP: 20/20
 23148 | D:13     | Found Toucie's General Store.
 23157 | D:13     | Bought a wand of iceblast (6) for 150 gold pieces
 23481 | D:13     | Received a gift from Trog
 23522 | D:13     | Noticed Jorgrun
 23530 | D:13     | Killed Jorgrun
 23707 | D:13     | Noticed Nessos
 23729 | D:13     | Killed Nessos
 24330 | Orc:1    | Entered Level 1 of the Orcish Mines
 24704 | Orc:2    | Entered Level 2 of the Orcish Mines
 25115 | Orc:2    | Found a gate leading to a gauntlet.
 25149 | Orc:2    | Found Vunogywk's Armour Boutique.
 25238 | Orc:2    | Found a runed translucent door.
 25243 | Orc:2    | Found a shimmering altar of Xom.
 25243 | Orc:2    | Noticed herbganker's ghost (journeyman MiBe)
 25535 | Orc:2    | Received a gift from Trog
 25558 | Orc:2    | Found Nigoquss's Assorted Antiques.
 25558 | Orc:2    | Found Makahat's Armour Shoppe.
 25560 | Orc:2    | Found Saven's Antique Weapon Shop.
 25560 | Orc:2    | Found Hostresoy's Book Shop.
 26125 | Orc:2    | Reached skill level 17 in Axes
 26233 | Orc:2    | Found a staircase to the Elven Halls.
 26411 | Orc:2    | Killed herbganker's ghost
 26507 | Orc:1    | Found Vutwooch's General Store.
 26855 | D:14     | Noticed a fire giant
 26885 | D:14     | Killed a fire giant
 26941 | D:14     | Received a gift from Trog
 26944 | D:14     | Got a dazzling war axe {god gift}
 26946 | D:14     | Identified the +5 war axe of Circularity {flame, +Blink
                  | rElec Str+4 Dex-5} (Trog gifted it to you on level 14 of
                  | the Dungeon)
 26955 | D:14     | Noticed an orc warlord
 26971 | D:14     | Killed an orc warlord
 27009 | D:14     | Noticed a shadow dragon
 27581 | D:14     | Found a large runed translucent door.
 27582 | D:14     | Found a large runed translucent door.
 27640 | D:14     | Found a burning altar of Makhleb.
 27782 | D:14     | Found a shadowy altar of Dithmenos.
 27850 | D:14     | Found a gate to the Vaults.
 28060 | D:14     | Reached XP level 16. HP: 133/141 MP: 22/22
 28363 | D:14     | Killed a shadow dragon
 29358 | Swamp:1  | Entered Level 1 of the Swamp
 30176 | Swamp:2  | Reached skill level 18 in Axes
 31111 | Swamp:2  | Noticed a thorn hunter
 31771 | Orc:2    | Bought the -2 hat of the Alchemist {rElec rPois rF+ rC+ rN+
                  | MR+ rMut rCorr} for 708 gold pieces
 31771 | Orc:2    | Found the -2 hat of the Alchemist {rElec rPois rF+ rC+ rN+
                  | MR+ rMut rCorr}
 31910 | Elf:1    | Entered Level 1 of the Elven Halls
 32012 | Elf:1    | Received a gift from Trog
 32030 | Elf:1    | Reached skill level 10 in Throwing
 32075 | Elf:1    | Identified Sif Muna's Reference Book on Arcane Weapons
 32786 | Elf:1    | Received a gift from Trog
 33266 | Elf:2    | Reached XP level 17. HP: 117/151 MP: 23/23
 33602 | Elf:2    | Received a gift from Trog
 33880 | Elf:2    | Found a portal to a secret trove of treasure.
 34057 | Elf:2    | Gained mutation: You are weak. (Str -2) [potion of
                  | mutation]
 34547 | Elf:2    | Found a huge runed translucent gate.
 34547 | Elf:2    | Found a huge runed translucent gate.
 34547 | Elf:2    | Found a huge runed translucent gate.
 34547 | Elf:2    | Found a huge runed translucent gate.
 34547 | Elf:2    | Found a huge runed translucent gate.
 34636 | Elf:2    | Noticed a deep elf blademaster
 34653 | Elf:2    | Killed a deep elf blademaster
 35893 | Elf:3    | Entered Level 3 of the Elven Halls
 36119 | Elf:3    | Received a gift from Trog
 36255 | Elf:3    | Noticed a deep elf blademaster
 36266 | Elf:3    | Noticed a deep elf master archer
 36675 | Elf:3    | Reached skill level 19 in Axes
 36873 | Elf:3    | Found a shimmering blue altar of Sif Muna.
 37281 | Elf:3    | Received a gift from Trog
 37282 | Elf:3    | Killed a deep elf master archer
 37282 | Elf:3    | Reached XP level 18. HP: 121/162 MP: 25/25
 37461 | Elf:3    | Killed a deep elf blademaster
 37461 | Elf:3    | Reached skill level 15 in Fighting
 37752 | Elf:3    | Reached skill level 10 in Evocations
 37934 | Elf:3    | Identified the cursed +1 glaive of Distraction {drain,
                  | rElec Str+2}
 37934 | Elf:3    | Identified the +5 chain mail of Raureamm {rC+ Str+5}
 37959 | Elf:3    | Received a gift from Trog
 37977 | Elf:3    | HP: 5/163 [deep elf high priest/damnation (21)]
 37978 | Elf:3    | Noticed a Hell Sentinel
 37978 | Elf:3    | Killed from afar by a ghostly deep elf annihilator

Levels and vault maps discovered:
D:1:      minmay_arrival_four_loops, layout_basic
D:2:      layout_loops_ring, nicolae_overflow_crystal_walls, tgw_trog
D:3:      layout_rooms, trog_butcher_becter
D:4:      layout_cave_pools, kennysheep_mini_moat,
          lemuel_coloured_pillars_altar, first_ration
D:5:      layout_cave_pools, grunt_qazlal_sundering, minmay_temple_entry_mist,
          basic_altar, minmay_between, uniq_edmund
D:6:      layout_cave_pools, lemuel_crystal_altar,
          nicolae_ossuary_entry_monument, uniq_sigmund, uniq_crazy_yiuf_cottage
D:7:      layout_cave_pods, xom_teletrap_fun
D:8:      cheibrodos_ideogram_h, layout_basic, overflow_temple_1_default,
          nicolae_overflow_hidden_temple
D:9:      layout_rooms, uniq_erica
D:10:     layout_irregular_city, lair_entry_dummy
D:11:     layout_basic, david_nohive_1, jmf_multi_god_temple
D:12:     layout_stronghold, orc_david_3, serial_shops, shop
D:13:     layout_loops_ring, serial_shops, kennysheep_little_box, uniq_nessos,
          uniq_jorgrun, uniq_josephine
D:14:     minmay_complete_graph, layout_basic, hangedman_decor_slide_cut,
          interstate_on_off, jmf_multi_god_temple2
Lair:1:   layout_chaotic_city, grunt_megastairs_3
Lair:2:   layout_long_grid, minmay_snake_entry_guardpost_small
Lair:3:   layout_regular_city, lemuel_fruit_tree
Lair:4:   layout_cave_pods, palyth_hydra_swamp_entry, gammafunk_ghost_split,
          bh_autumn_forest_stairs
Lair:5:   layout_gridlike, slime_altar_1, serial_bayou_lake_a
Lair:6:   evil_forest, layout_cave_pods, nicolae_quartered_pool_super
Swamp:1:  layout_falls_marsh, evilmike_swamp_ruin_house_4
Swamp:2:  layout_basic_swamp, evilmike_swamp_ruin_rubble_2
Orc:1:    layout_diamond_mine, serial_shops,
          nicolae_shop_temple_entry_statues_fountains
Orc:2:    st_orc_elflike, layout_diamond_mine, serial_shops,
          nicolae_shop_statue_plus, ebering_ghost_xom, gauntlet_entry_generic
Elf:1:    eino_elf_arrival_sip, layout_geoelf_grid,
          portal_desolation_entry_garden, minmay_elf_annihilation,
          grunt_ministairs_13
Elf:2:    layout_geoelf_octagon, nicolae_trove_entry_crossroad
Elf:3:    minmay_elf_hall_hex, layout_rooms, basic_altar

Skill      XL: |  1  2  3  4  5  6  7  8  9 10 11 12 13 14 15 16 17 18 |
---------------+-------------------------------------------------------+-----
Axes           | 3 4 5 7 8 9 11 12 13 15 16 17 18 19 | 19.3
Fighting       | 4 5 7 8 9 10 11 12 13 14 15 | 15.1
Throwing       | 1 2 3 4 5 6 7 8 9 10 11 | 11.3
Armour         | 4 5 6 7 8 9 10 11 12 13 14 | 14.1
Shields        | 4 5 6 7 8 9 10 11 12 13 14 | 14.1
Polearms       | 3 4 5 6 |  6.6
Evocations     | 2 4 5 6 7 8 9 10 | 10.0
Dodging        | 1 2 |  2.6
Long Blades    | 2 5 7 |  7.3
Stealth        | |  0.6

Action                   |  1- 3 |  4- 6 |  7- 9 | 10-12 | 13-15 | 16-18 || total
-------------------------+-------+-------+-------+-------+-------+-------++-------
Melee: War axe           |   155 |   188 |   347 |   478 |   284 |       ||  1452
       Spear             |       |       |   134 |    83 |       |       ||   217
       Hand axe          |       |       |    21 |       |    34 |       ||    55
       Scimitar          |       |       |       |    68 |    50 |       ||   118
       Broad axe         |       |       |       |       |   672 |   734 ||  1406
       Trident           |       |       |       |       |   176 |       ||   176
       Executioner's axe |       |       |       |       |     6 |       ||     6
       Demon trident     |       |       |       |       |     4 |       ||     4
       Long sword        |       |       |       |       |     2 |       ||     2
       Rapier            |       |       |       |       |       |    10 ||    10
Throw: Boomerang         |    39 |    37 |    61 |   112 |   176 |   154 ||   579
Invok: Trog's Hand       |       |       |     2 |    10 |    13 |    15 ||    40
       Berserk           |       |       |       |     2 |       |       ||     2
       Brothers in Arms  |       |       |       |       |     1 |     3 ||     4
Evoke: Wand              |       |       |       |    16 |    17 |    10 ||    43
       Fan of gales      |       |       |       |       |     1 |       ||     1
       Box of beasts     |       |       |       |       |       |     1 ||     1
  Use: Scroll            |       |     4 |     5 |    13 |    25 |    21 ||    68
       Potion            |       |     2 |     2 |     5 |     8 |     4 ||    21
 Stab: Paralysed         |       |       |       |       |     1 |       ||     1
       Distracted        |       |       |       |       |       |     1 ||     1
  Eat: Chunk             |     2 |     5 |     6 |    16 |    20 |       ||    49
       Ration            |       |     1 |     2 |     6 |     9 |    10 ||    28
Armor: Scale mail        |     6 |       |       |       |       |       ||     6
       Chain mail        |    92 |    76 |   180 |    54 |       |       ||   402
       Plate armour      |       |       |       |   104 |    52 |   221 ||   377
       Storm dragon scal |       |       |       |   231 |   390 |       ||   621
Dodge: Dodged            |    30 |    18 |    68 |   148 |   288 |   112 ||   664
       Deflected         |       |       |       |       |    16 |    27 ||    43
Block: Shield            |    88 |   122 |   320 |   346 |   672 |   424 ||  1972
       Reflection        |       |     4 |    13 |       |       |    44 ||    61
       Rpst.: Scimitar   |       |       |       |     5 |     4 |       ||     9
